 Dungeon Crawl Stone Soup version 0.29.1-2-gbd0b4ee654 (webtiles) character file.

Game seed: 16524003336998713619

699 zermelo the Cleaver (level 7, -3/57 HPs)
             Began as a Minotaur Berserker on Nov 13, 2022.
             Was a Priest of Trog.
             Slain by an orc
             ... wielding a +2 trident of protection
              (7 damage)
             ... on level 5 of the Dungeon.
             The game lasted 00:17:45 (5606 turns).

zermelo the Cleaver (Minotaur Berserker)            Turns: 5606, Time: 00:17:46

Health: -3/57      AC: 10    Str: 24    XL:     7   Next: 38%
Magic:  6/6        EV:  9    Int:  4    God:    Trog [***...]
Gold:   212        SH:  0    Dex: 15    Spells: 6/6 levels left

rFire   + . .      SeeInvis .   A - +0 war axe
rCold   . . .      Faith    .   (no shield)
rNeg    . . .      Spirit   .   b - +1 chain mail {rF+}
rPois   .          Reflect  .   (helmet restricted)
rElec   .          Harm     .   (no cloak)
rCorr   +          Rampage  .   z - +0 pair of gloves
Will    ++...                   (no boots)
Stlth   ..........              (no amulet)
HPRegen 1.19/turn               d - +6 ring of dexterity
MPRegen 0.10/turn               q - ring of resist corrosion

@: lethally poisoned (-3 -> -3), strong-willed, regenerating
A: horns 2, retaliatory headbutt
a: Renounce Religion, Berserk, Trog's Hand


You were on level 5 of the Dungeon.
You worshipped Trog.
Trog was most pleased with you.
You visited 1 branch of the dungeon, and saw 5 of its levels.

You collected 212 gold pieces.

Inventory:

Hand Weapons
 a - a +0 hand axe
 g - a +0 sling
 A - a +0 war axe (weapon)
Missiles
 r - 33 stones (quivered)
Armour
 b - a +1 chain mail of fire resistance (worn)
 z - a +0 pair of gloves (worn)
Jewellery
 d - a +6 ring of dexterity (left hand)
 p - a ring of flight
 q - a ring of resist corrosion (right hand)
 s - a ring of poison resistance
Wands
 u - a wand of polymorph (3)
Scrolls
 f - a scroll of teleportation {unknown}
 h - 2 scrolls of identify
 i - a scroll of amnesia {unknown}
 l - a scroll of acquirement {unknown}
 m - 3 scrolls of fear {unknown}
 o - 2 scrolls of summoning {unknown}
 t - 3 scrolls of brand weapon
 w - a scroll of enchant armour {unknown}
 y - 2 scrolls of immolation {unknown}
 D - a scroll of enchant weapon {unknown}
Potions
 c - a potion of magic {unknown}
 e - a potion of flight {unknown}
 j - 2 potions of curing {unknown}
 n - a potion of ambrosia {unknown}
 v - a potion of lignification {unknown}
 x - 2 potions of heal wounds {unknown}
 B - a potion of might {unknown}
 C - a potion of attraction {unknown}


   Skills:
 - Level 3.6 Fighting
 + Level 10.4 Axes
 - Level 2.4 Armour
 - Level 2.1 Dodging


You had 6 spell levels left.
You didn't know any spells.
Your spell library was empty.

Dungeon Overview and Level Annotations

Branches:
Dungeon (5/15)
 Temple: D:4-7

Altars:
Ashenzari
Dithmenos
Sif Muna
Vehumet

Shops:
D:4 :


Innate Abilities, Weirdness & Mutations

You have a pair of horns on your head.
You reflexively headbutt those who attack you in melee.


Message History

The orc hits you but does no damage. x2
The scorpion stings you but does no damage.
You barely miss the scorpion.
The scorpion is severely wounded.
You hit the orc but do no damage.
You feel sick. The orc hits you but does no damage. The orc closely misses you.
The scorpion barely misses you.
You hit the scorpion.
The scorpion is almost dead.
You slash the orc!
You kill the orc!
Trog accepts your kill.
You feel sick. The orc hits you but does no damage. The scorpion stings you.
You are more poisoned.
The scorpion poisons you!
You slash the scorpion!
You kill the scorpion!
Trog accepts your kill.
You feel very sick.
The orc hits you from afar with a +2 trident of protection.
You feel very sick.
The orc hits you with a +2 trident of protection.
* * * LOW HITPOINT WARNING * * *
You see here a +2 short sword of freezing.
You hit the orc but do no damage. You headbutt the orc.
The orc is lightly wounded.
* * * LOW HITPOINT WARNING * * *
You feel very sick.
The orc hits you with a +2 trident of protection.
* * * LOW HITPOINT WARNING * * *
Your skin crawls.
You feel strong-willed.
You feel sick.
The orc hits you with a +2 trident of protection.
* * * LOW HITPOINT WARNING * * *
You barely miss the orc.
The orc is lightly wounded.
You feel sick.
The orc hits you with a +2 trident of protection!
You die...

.###... ..#...# . ####.
..#...##. ..... ........
...... ......# #......
......## ##.....~.
..†)...#########@o......
.).............)).......
..............$.........
........#...............
......###........#......
...#### ##.....#####....
.### ####### ###. #


You could see an orc.

Vanquished Creatures
  2 ogres (D:5)
  3 scorpions
  3 orc priests
  An iguana (D:5)
  Jessica (D:3)
  2 orc wizards
  4 adders
  2 worms
  3 dart slugs
  17 orcs
  9 ball pythons
  8 bats
  5 endoplasms
  8 giant cockroaches
  4 goblins
  6 hobgoblins
  3 jackals (D:4)
  2 quokkas
  2 frilled lizards
  10 kobolds
  8 rats
103 creatures vanquished.

Notes
Turn   | Place    | Note
-------+----------+-------------------------------------------
     0 | D:1      | zermelo the Minotaur Berserker began the quest for the Orb.
     0 | D:1      | Reached XP level 1. HP: 19/19 MP: 0/0
    82 | D:1      | Reached skill level 4 in Axes
   409 | D:1      | Reached XP level 2. HP: 25/26 MP: 1/1
   677 | D:1      | Reached skill level 5 in Axes
   917 | D:1      | Reached XP level 3. HP: 31/31 MP: 2/2
   961 | D:1      | Reached ** piety under Trog
  1884 | D:2      | Reached skill level 6 in Axes
  1884 | D:2      | Reached XP level 4. HP: 37/39 MP: 3/3
  2258 | D:3      | Found a radiant altar of Vehumet.
  2367 | D:3      | Found a faded altar of an unknown god.
  2372 | D:3      | Noticed Jessica
  2385 | D:3      | Killed Jessica
  2677 | D:3      | Identified the +4 dagger "Qirph" {freeze, rC++}
  2776 | D:3      | Noticed a scorpion
  2784 | D:3      | Killed a scorpion
  2785 | D:3      | Reached skill level 7 in Axes
  2785 | D:3      | Reached XP level 5. HP: 23/45 MP: 4/4
  3179 | D:3      | Found a broken altar of Ashenzari.
  3307 | D:3      | You fall into a shaft and drop 1 floor!
  3335 | D:4      | Reached skill level 8 in Axes
  3348 | D:4      | Reached XP level 6. HP: 17/51 MP: 5/5
  3686 | D:4      | Found a shadowy altar of Dithmenos.
  4133 | D:4      | Found Rahutus's Book Shoppe.
  4207 | D:4      | Found a shimmering blue altar of Sif Muna.
  5301 | D:5      | Entered Level 5 of the Dungeon
  5324 | D:5      | Reached skill level 9 in Axes
  5360 | D:5      | Reached *** piety under Trog
  5361 | D:5      | Reached XP level 7. HP: 20/57 MP: 6/6
  5368 | D:5      | Reached skill level 10 in Axes
  5606 | D:5      | Slain by an orc

Illustrated notes

Levels and vault maps discovered:
D:1:      dpeg_arrival_solitude, layout_loops_ring, grunt_decor_junction,
          grunt_decor_arrowhead, minmay_heptomino_h4
D:2:      layout_basic
D:3:      layout_loops_ring, overflow_temple_1_default,
          ashenzari_conservatory_becter, hellmonk_ecumenical_altar_zigzags,
          uniq_jessica
D:4:      layout_layer_cave, grunt_dithmenos_smoke_and_mirrors, tgw_sif,
          serial_shops, shop
D:5:      layout_cave_pods, lemuel_tele_altar, kennysheep_mini_moat,
          marbit_many_paths, temple_statues, gammafunk_ghost_arena,
          serial_rivers, chequers_serial_rivers_room_a,
          chequers_serial_rivers_micro_c, chequers_serial_rivers_large_a,
          chequers_serial_rivers_micro_d

Skill      XL: |  1  2  3  4  5  6  7 |
---------------+----------------------+-----
Axes           | 4 5 6 7 8 9 10 | 10.4
Fighting       | |  3.6
Armour         | |  2.4
Dodging        | |  2.1

Action                   |  1- 3 |  4- 6 |  7- 9 || total
-------------------------+-------+-------+-------++-------
Melee: Hand axe          |    93 |    85 |       ||   178
       Headbutt          |     6 |    17 |     3 ||    26
       Punch             |     1 |       |     1 ||     2
       Unarmed           |       |    15 |       ||    15
       War axe           |       |    45 |    23 ||    68
Invok: Trog's Hand       |       |       |     1 ||     1
  Use: Scroll            |       |     2 |       ||     2
 Stab: Sleeping          |     3 |       |       ||     3
Armor: Animal skin       |    12 |     1 |       ||    13
       Chain mail        |       |    51 |    12 ||    63
Dodge: Dodged            |    45 |    69 |    13 ||   127
